 Dungeon Crawl Stone Soup version 0.27-a0-1181-g5f64966fcc (webtiles) character file.

Game seed: 9088016637963740442

978 streetpizza the Ducker (level 8, -1/58 HPs)
             Began as a Djinni Gladiator on May 17, 2021.
             Slain by an orc priest
             ... wielding a +0 hand axe
              (4 damage)
             ... on level 5 of the Dungeon.
             The game lasted 00:24:42 (7333 turns).

streetpizza the Ducker (Djinni Gladiator)           Turns: 7333, Time: 00:24:47

Health: -1/58      AC:  4    Str: 13    XL:     8   Next: 40%
Gold:   269        EV: 15    Int: 12    God:
                   SH:  0    Dex: 21

rFire    + + .     SeeInvis .   s - +1 long sword (holy)
rCold    x . .     Faith    .   (no shield)
rNeg     . . .     Spirit   .   b - +0 leather armour
rPois    ∞         Reflect  .   c - +0 helmet
rElec    .         Harm     .   (no cloak)
rCorr    .         Rampage  .   (no gloves)
Will     .....                  (boots unavailable)
Stlth    ++........             (no amulet)
HPRegen  0.19/turn              o - +6 ring of dexterity
MPRegen  0.00/turn              (no ring)

@: flying, very slightly contaminated, invisible
A: sickness immunity, fire resistance 2, cold vulnerability 1, float, innate
caster, hp casting, extra vitality 1
a: no special abilities


You were on level 5 of the Dungeon.
You visited 1 branch of the dungeon, and saw 5 of its levels.

You collected 269 gold pieces.

Inventory:

Hand Weapons
 a - a +0 long sword
 s - a +1 long sword of holy wrath (weapon)
Missiles
 d - 6 throwing nets
 f - 8 boomerangs
 g - 5 atropa-tipped darts
 j - 43 poisoned darts (quivered)
Armour
 b - a +0 leather armour (worn)
 c - a +0 helmet (worn)
 q - the +3 ring mail "Ijisiwn" {rPois rC- rCorr Int+2}
   (You found it on level 4 of the Dungeon)

   It affects your intelligence (+2).
   It makes you vulnerable to cold.
   It protects you from poison.
   It protects you from acid and corrosion.
Jewellery
 o - a +6 ring of dexterity (left hand)
Scrolls
 e - a scroll of noise {unknown}
 m - 4 scrolls of identify {unknown}
 n - a scroll of torment {unknown}
 t - 2 scrolls of teleportation {unknown}
Potions
 h - 2 potions of curing
 i - a potion of cancellation {unknown}
 k - 2 potions of brilliance {unknown}
 l - a potion of attraction {unknown}
 r - a potion of mutation {unknown}
 u - a potion of lignification {unknown}


   Skills:
 + Level 4.9 Fighting
 + Level 4.9 Long Blades
 - Level 1.5 Throwing
 + Level 6.0 Dodging
 + Level 3.2 Spellcasting


You had 8 spell levels left.
You knew the following spells:

 Your Spells              Type           Power      Damage    Failure   Level
a - Beastly Appendage     Tmut           18%        N/A       8%          1
b - Corpse Rot            Necr/Air       N/A        N/A       12%         2
c - Call Imp              Summ           9%         N/A       12%         2
Your spell library was empty.

Dungeon Overview and Level Annotations

Branches:
Dungeon (5/15)
 Temple: D:4-7

Altars:
Hepliaklqana
Uskayaw
Wu Jian
Zin


Innate Abilities, Weirdness & Mutations

You are immune to sickness and miasma.
You are immune to poison.
Your flesh is very heat resistant. (rF++)
You are vulnerable to cold. (rC-)
You float through the air rather than walking.
You learn spells naturally, not from books.
Your magical power is your life essence.
You have superior vitality. (+4 HP)


Message History

Your crimson imp hits the orc but does no damage.
You hit the orc.
The orc is severely wounded.
The orc closely misses you.
The orc closely misses your crimson imp.
The orc barely misses your crimson imp.
The orc priest calls down the wrath of Beogh upon you.
Beogh smites you!
Your crimson imp misses the orc.
Your crimson imp hits the orc.
You slash the orc!
You kill the orc!
The orc hits you with a +0 dagger.
Your crimson imp barely misses the orc.
The orc hits you but does no damage.
You hit the orc.
The orc is heavily wounded.
Your crimson imp misses the orc.
Your crimson imp blinks!
The orc hits you with a +0 dagger.
* * * LOW HITPOINT WARNING * * *
Unknown command.
You slash the orc priest!
The orc priest is severely wounded.
Your crimson imp hits the orc but does no damage.
Your crimson imp blinks!
The orc hits you but does no damage.
The orc priest mumbles some strange prayers to Beogh against you.
Beogh smites you!
* * * LOW HITPOINT WARNING * * *
Your magical contamination has completely faded away.
You fade into invisibility!
Your crimson imp barely misses the orc.
The orc hits you but does no damage. The orc priest barely misses you.
The orc priest misses your crimson imp.
You are very lightly contaminated with residual magic.
You barely miss the orc priest.
The orc priest is severely wounded.
Your crimson imp blinks!
The orc barely misses you.
You riposte.
You closely miss the orc.
The orc is moderately wounded.
The orc priest hits you with a +0 hand axe.
You die...

#..5.# #....# # ######
#....#.# ###....#
....#.# #......# 5..#.#
#......##
######..§.######........
.......oo......'.......[
#@########.....### #.##
###.....###
#..#####..[....#..
##.##....#.....#..
#..#....#.##.....
##.#....#.##.....
#####......#........
#......###.#........
#.###..# #.#........


You could see an orc priest (ally target), an orc (ally target) and 2 friendly
crimson imps.

Vanquished Creatures
  The ghost of ZappyNine the Skirmisher, an amateur DsFi (D:4)
  A black bear (D:1)
  An ogre (D:4)
  2 phantoms (D:4)
  Blork the orc (D:5)
  2 orc priests
  Natasha (twice) (D:4)
  6 orc wizards
  A hound zombie (D:5)
  7 adders
  A worm (D:3)
  A dart slug (D:1)
  18 orcs
  7 ball pythons
  7 bats
  5 endoplasms
  8 giant cockroaches
  9 goblins
  8 hobgoblins
  8 jackals
  6 quokkas
  10 frilled lizards
  4 kobolds
  5 rats
121 creatures vanquished.

Vanquished Creatures (others)
  5 plants (D:2)
5 creatures vanquished.

Grand Total: 126 creatures vanquished

Notes
Turn   | Place    | Note
-------+----------+-------------------------------------------
     0 | D:1      | streetpizza the Djinni Gladiator began the quest for the
                  | Orb.
     0 | D:1      | Reached XP level 1. HP: 18/18 MP: 0/0
   200 | D:1      | Reached XP level 2. HP: 23/23 MP: 0/0
   568 | D:1      | Reached XP level 3. HP: 16/29 MP: 0/0
   568 | D:1      | Learned a level 1 spell: Beastly Appendage
  1213 | D:1      | Reached skill level 1 in Spellcasting
  1316 | D:1      | Found a faded altar of an unknown god.
  1463 | D:1      | Reached XP level 4. HP: 34/34 MP: 0/0
  1513 | D:2      | Noticed a black bear
  2261 | D:1      | Killed a black bear
  2262 | D:1      | Reached skill level 4 in Dodging
  2262 | D:1      | Reached XP level 5. HP: 16/40 MP: 0/0
  2262 | D:1      | Learned a level 2 spell: Corpse Rot
  2524 | D:2      | Reached XP level 6. HP: 30/46 MP: 0/0
  3231 | D:3      | Found a glowing silver altar of Zin.
  3304 | D:3      | Found a hide-covered altar of Uskayaw.
  4001 | D:4      | Found an ornate altar of the Wu Jian Council.
  4110 | D:4      | Identified the +3 ring mail "Ijisiwn" {rPois rC- rCorr
                  | Int+2}
  4388 | D:4      | Reached XP level 7. HP: 36/51 MP: 0/0
  4388 | D:4      | Learned a level 2 spell: Call Imp
  4402 | D:4      | Reached skill level 5 in Dodging
  4910 | D:4      | Noticed Natasha
  4920 | D:4      | Killed Natasha
  5515 | D:4      | Noticed Natasha
  5530 | D:4      | Killed Natasha
  6161 | D:4      | Reached XP level 8. HP: 38/58 MP: 0/0
  6277 | D:4      | Found a large runed translucent door.
  6277 | D:4      | Found a large runed translucent door.
  6279 | D:4      | Noticed ZappyNine's ghost (amateur DsFi)
  6293 | D:4      | Killed ZappyNine's ghost
  6610 | D:5      | Entered Level 5 of the Dungeon
  6775 | D:5      | Found a hazy altar of Hepliaklqana.
  6777 | D:5      | Found a faded altar of an unknown god.
  6777 | D:5      | Noticed Blork the orc
  6784 | D:5      | Killed Blork the orc
  7014 | D:5      | Reached skill level 6 in Dodging
  7333 | D:5      | Slain by an orc priest

Illustrated notes

Levels and vault maps discovered:
D:1:      lemuel_arrival_lava_pool, layout_loops_ring, basic_ecumenical_altar,
          st_stairs_10, minmay_pentomino_s4
D:2:      layout_basic, minmay_lizard_king
D:3:      layout_loops_ring, zin_treasury, nicolae_uskayaw_dance_hall,
          serial_glass, glass_columns_a, glass_columns_a, due_unseen_surprise,
          item_on_display_a, feat_on_display, minmay_misc_feat_alley,
          supply_closet_lemuel, wad_floor_pattern_2, minmay_misc_feat_five
D:4:      layout_layer_cave, nicolae_wu_jian_immortal_techniques,
          ebering_ghost_disaster_area, minivault_25,
          chequers_serial_rivers_small_b, uniq_natasha
D:5:      layout_basic, beargit_hepliaklqana_dungeon_heroes

Skill      XL: |  1  2  3  4  5  6  7  8 |
---------------+-------------------------+-----
Long Blades    | 3 4 |  4.9
Spellcasting   | 1 2 3 |  3.2
Fighting       | 3 4 |  4.9
Dodging        | 4 5 6 |  6.0
Throwing       | |  1.5

Action                   |  1- 3 |  4- 6 |  7- 9 || total
-------------------------+-------+-------+-------++-------
Melee: Long sword        |   100 |   162 |   156 ||   418
       Headbutt          |     2 |     1 |     7 ||    10
Throw: Dart              |       |     9 |     4 ||    13
 Cast: Beastly Appendage |     3 |     2 |     2 ||     7
       Corpse Rot        |       |     1 |     3 ||     4
       Call Imp          |       |       |     4 ||     4
  Use: Potion            |       |     3 |     2 ||     5
 Stab: Sleeping          |     1 |     1 |       ||     2
       Distracted        |       |       |     1 ||     1
Armor: Leather armour    |    44 |    47 |    35 ||   126
Dodge: Dodged            |    85 |   112 |    98 ||   295
       Rpst.: Long sword |    32 |    35 |    36 ||   103

Table legend: (Time is in decaauts)
 A = Elapsed time spent in this place.
 B = Non-inter-level travel time spent in this place.
 C = Inter-level travel time spent in this place.
 D = Time resting spent in this place.
 E = Time spent auto-exploring this place.
 F = Levels seen in this place.
 G = Mean time per level.
                   A        B        C        D        E       F      G
               +--------+--------+--------+--------+--------+-----+--------+
         Total |   7425 |   7299 |    126 |    815 |   5175 |   5 | 1485.0 |
       Dungeon |   7425 |   7299 |    126 |    815 |   5175 |   5 | 1485.0 |
               +--------+--------+--------+--------+--------+-----+--------+

Top non-repeatable levels by time:
     D:4: 2729 daAuts
     D:1: 1801 daAuts
     D:3: 1236 daAuts
     D:2: 1059 daAuts
     D:5: 597 daAuts
